 Dungeon Crawl Stone Soup version 0.17-a0-1642-gd4b747b (webtiles) character file.

2415924 cmdexe the Axe Maniac (level 27, 273/273 HPs)
             Began as a Hill Orc Fighter on Aug 8, 2015.
             Was the Champion of Makhleb.
             Escaped with the Orb
             ... and 4 runes on Aug 9, 2015!
             The game lasted 04:32:25 (71741 turns).

cmdexe the Axe Maniac (Hill Orc Fighter)           Turns: 71741, Time: 04:32:25

Health: 273/273    AC: 54    Str: 44    XL:     27
Magic:  37/37      EV: 31    Int: 11    God:    Makhleb [******]
Gold:   5481       SH:  0    Dex: 29    Spells: 2 memorised, 20 levels left

rFire  + + +     SeeInvis +     Q - +9 battleaxe "Wuxink" {vamp, Str+8}
rCold  + . .     Clarity  .     G - +7 crystal plate armour of Nyamutwa {rPois rF++ Str+3 Stlth-}
rNeg   + . .     SustAt   .     (no shield)
rPois  +         Gourm    .     B - +0 helmet "Kiled" {Dex+5} (curse)
rElec  +         Spirit   +     X - +2 cloak of Starlight {rElec rC+ EV+4 Stlth--}
rCorr  .         Warding  .     D - +2 pair of gloves {Dex+3}
rMut   .         Rnd*Tele +     K - +3 pair of boots "Inkoeh" {Int+3 SInv}
MR     ++...                    z - amulet of guardian spirit
Stlth  ..........               U - ring "Coss" {rElec rF+ rN+ Str+3 Dex+2}
                                r - ring of Moivo {+/*Tele *Contam Str+4 Dex+3 SInv}

@: very resistant to hostile enchantments, extremely unstealthy
A: screaming 2
a: Minor Destruction, Lesser Servant of Makhleb, Major Destruction, Greater
Servant of Makhleb, Renounce Religion, Evoke Teleportation
0: Orb of Zot
}: 4/15 runes: serpentine, barnacled, slimy, silver


You escaped.
You worshipped Makhleb.
Makhleb was exalted by your worship.
You were not hungry.

You visited 13 branches of the dungeon, and saw 69 of its levels.
You also visited: Trove, Bailey, Ice Cave, Volcano and Wizlab.

You collected 8935 gold pieces.
You spent 3454 gold pieces at shops.

Inventory:

Hand weapons
 d - the +8 broad axe of Premature Burial {antimagic, *Noise Dex+4}
   (Okawaru gifted it to you on level 14 of the Dungeon)

   It disrupts the flow of magical energy around spellcasters and certain
   magical creatures (including the wielder).
   It affects your dexterity (+4).
   It may make noises in combat.
 Q - the +9 battleaxe "Wuxink" (weapon) {vamp, Str+8}
   (You took it off a yaktaur captain on level 5 of the Vaults)

   It inflicts no extra harm, but heals its wielder somewhat when it strikes a
   living foe.
   It affects your strength (+8).
Armour
 w - a +1 pair of boots of flying
 B - the cursed +0 helmet "Kiled" (worn) {Dex+5}
   (You found it on level 1 of the Realm of Zot)

   It affects your dexterity (+5).
   It has a curse placed upon it.
 D - a +2 pair of gloves of dexterity (worn)
 F - a +2 hat of magic resistance
 G - the +7 crystal plate armour of Nyamutwa (worn) {rPois rF++ Str+3 Stlth-}
   (Okawaru gifted it to you on level 2 of the Lair of Beasts)

   It affects your strength (+3).
   It greatly protects you from fire.
   It protects you from poison.
   It makes you less stealthy.
 K - the +3 pair of boots "Inkoeh" (worn) {Int+3 SInv}
   (You found it on level 4 of the Shoals)

   It affects your intelligence (+3).
   It lets you see invisible.
 P - a +7 large shield
 X - the +2 cloak of Starlight (worn) {rElec rC+ EV+4 Stlth--}
   (You found it on level 6 of the Pits of Slime)

   It affects your evasion (+4).
   It protects you from cold.
   It insulates you from electricity.
   It makes you much less stealthy.
Jewellery
 r - the ring of Moivo (left hand) {+/*Tele *Contam Str+4 Dex+3 SInv}
   (You found it on level 8 of the Lair of Beasts)

   [ring of teleportation]

   It may teleport you to nearby monsters, and can be evoked to randomly
   teleport.
   It affects your strength (+4).
   It affects your dexterity (+3).
   It lets you see invisible.
   It causes magical contamination when unequipped.
 t - the amulet "Feamin" {rCorr MR+}
   (You found it on level 6 of the Pits of Slime)

   [amulet of resist corrosion]

   It protects you from acid and corrosion.
   It affects your resistance to hostile enchantments.
 v - an uncursed amulet of resist mutation
 z - an amulet of guardian spirit (around neck)
 T - the ring of Starshine {rElec MR+ Dex+3 Stlth-}
   (You found it on level 6 of the Pits of Slime)

   [ring of loudness]

   It affects your dexterity (+3).
   It insulates you from electricity.
   It affects your resistance to hostile enchantments.
   It makes you less stealthy.
 U - the ring "Coss" (right hand) {rElec rF+ rN+ Str+3 Dex+2}
   (You found it on level 4 of the Depths)

   [ring of positive energy]

   It affects your strength (+3).
   It affects your dexterity (+2).
   It protects you from fire.
   It insulates you from electricity.
   It protects you from negative energy.
 Y - the amulet "Remirphe" {Ward rN+ Int+6}
   (You bought it in a shop on level 1 of the Snake Pit)

   [amulet of warding]

   It may prevent the melee attacks of summoned creatures.
   It affects your intelligence (+6).
   It protects you from negative energy.
Magical devices
 a - a wand of fireball (5)
 f - a wand of digging (2)
 x - a wand of cold (4)
 C - a wand of hasting (0)
Scrolls
 g - 14 scrolls of identify
 h - 20 scrolls of amnesia
 m - 6 scrolls of magic mapping
 y - 7 scrolls of enchant weapon
 I - 29 scrolls of remove curse
 J - 5 scrolls of fear
 L - 3 scrolls of silence
 O - 9 scrolls of blinking
 R - 12 scrolls of recharging
 V - 16 scrolls of teleportation
 W - 2 scrolls of torment
 Z - 2 scrolls of holy word
Potions
 b - 5 potions of might
 j - 5 potions of magic
 k - a potion of beneficial mutation
 n - 14 potions of brilliance
 p - 12 potions of curing
 q - 2 potions of flight
 s - 7 potions of heal wounds
 H - 3 potions of haste
 S - 5 potions of berserk rage
Books
 N - an Akashic Record

   Spells                             Type                      Level
   a - Dispersal                      Translocation                6
   b - Controlled Blink               Translocation                7
   c - Malign Gateway                 Summoning/Translocation      7
   d - Disjunction                    Translocation                8
Miscellaneous
 c - a phial of floods (inert)
 l - a lamp of fire
 A - a phantom mirror
 M - a fan of gales
Comestibles
 e - 10 bread rations
 i - 14 meat rations
 E - 19 fruits


   Skills:
 O Level 27 Fighting
 O Level 27 Axes
 O Level 27 Armour
 * Level 17.6 Dodging
 - Level 3.2 Shields
 * Level 14.9 Necromancy
 * Level 10.7 Transmutations
 * Level 18.6 Invocations
 * Level 20.5 Evocations


You had 20 spell levels left.
You knew the following spells:

 Your Spells              Type           Power        Failure   Level  Hunger
a - Animate Dead          Necr           N/A          2%          4    #####..
b - Stoneskin             Trmt/Erth      ##......     21%         2    ###....


Dungeon Overview and Level Annotations

Branches:
Dungeon (15/15)            Temple (0/1) D:5            Lair (8/8) D:10
 Shoals (4/4) Lair:5        Snake (4/4) Lair:4        Slime (6/6) Lair:7
    Orc (4/4) D:9             Elf (3/3) Orc:4        Vaults (5/5) D:14
  Crypt (3/3) Vaults:3       Tomb (0/3) Crypt:3      Depths (5/5) D:15
   Hell (1/1)                 Dis (0/7) Hell            Geh (6/7) Hell
    Coc (0/7) Hell            Tar (0/7) Hell            Zot (5/5) Depths:5

Altars:
Elyvilon
Kikubaaqudgha
Makhleb
Nemelex Xobeh
Okawaru
Qazlal
Vehumet
Xom
Yredelemnul
Beogh
Jiyva

Shops:
D:13 %   Orc:4 !%[=   Elf:3 }   Snake:1 *   Snake:4 (   Vaults:1 (
Vaults:2 **=[%   Vaults:4 (

Portals:
Hell: Depths:1 Depths:2 Depths:3 Depths:4 Depths:5
Abyss: Depths:2 Depths:3 Depths:4
Pandemonium: Depths:2 Depths:3
Ziggurat: Depths:1

Annotations:
D:13 8 runed doors
Elf:2 1 runed door


Innate Abilities, Weirdness & Mutations

You sometimes yell uncontrollably at your foes.


Message History

You kill the sun demon!
Makhleb accepts your kill.
No target in view!
(D) Dungeon (T) Temple (L) Lair (A) Shoals (P) Snake Pit (M) Slime Pits (O) Orcish Mines (E) Elven Halls (V) Vaults (C) Crypt (W) Tomb (U) Depths (H) Hell (I) Dis (G) Gehenna (X) Cocytus (Y) Tartarus (Z) Zot
Where to? (Enter - D:1, ? - help)
There is a stone staircase leading up here.
You climb upwards.
There is a stone staircase leading down here.
No target in view!
No target in view!
You see here a kobold skeleton.
There is an open door here.
There is an open door here.
There is an open door here.
There is a staircase leading out of the dungeon here.
You have escaped!

..##
#.............#...#..#≈≈ (##
#.###########.#...#..... ##
#..#.......#..#...#....† #
#.#.#######.#.###.'##### #
#.##.......##.# #### #
#.#.###'###.#.###### #
#.#.#.....#.#.#....## #
#####.#.#.....#.#.###...####
#
#.'.'.#.+..@..+.#.'.'...)(..
#
#.###.#.#.....#.#.###...)###
# #.# #.#.#.....#.#.#......#
## #.#
#.#.###+###.#.#......# .#
#.###.##.......##.#......#
.##
#...#.#.#######.#.#.....##
..#
###.#..#.......#..#....##
#.# #.#.###########.##..##
#.######.#.............#...#


There were no monsters in sight!

Vanquished Creatures
  the royal jelly (Slime:6)
  Khufu (Crypt:2)
  An orb of fire (Zot:5)
  2 ancient liches
  A pandemonium lord (D:13)
  3 greater mummies (Crypt:2)
  Margery (Depths:4)
  Saint Roka (Snake:4)
  Vashnia (Snake:2)
  A Killer Klown (Zot:5)
  3 curse toes
  A caustic shrike (Depths:3)
  Geryon (Hell)
  8 golden dragons
  A profane servitor (Crypt:3)
  Jory (Crypt:3)
  the Enchantress (Depths:4)
  3 bone dragons
  14 Brimstone Fiends
  2 electric golems
  Jorgrun (D:15)
  11 liches
  9 tentacled monstrosities
  23 Orb Guardians
  4 deep elf blademasters
  Asterion (Depths:3)
  2 quicksilver dragons
  2 deep elf master archers (Elf:3)
  22 acid blobs
  9 titans
  2 eldritch tentacles
  Gastronok (Lair:2)
  2 krakens (Shoals:4)
  Agnes (Snake:4)
  3 sphinxes
  4 ancient champions
  Kirke (Snake:4)
  4 storm dragons
  5 tengu reavers
  11 shadow dragons
  14 greater nagas
  The ghost of Rayvis the Fighter, a mighty DsFi of Okawaru (Elf:2)
  14 azure jellies
  3 draconian monks
  2 revenants
  18 fire giants
  Donald (Snake:3)
  10 deep elf sorcerers
  13 vault wardens
  2 draconian knights
  2 iron dragons
  6 balrugs
  Aizul (Shoals:1)
  Louise (Snake:3)
  2 caustic shrike zombies
  18 frost giants
  2 curse skulls (Crypt:1)
  A draconian scorcher (Zot:1)
  6 spriggan defenders
  7 ghouls
  An orc warlord (Snake:1)
  A draconian shifter (Zot:1)
  2 draconian zealots
  A cacodemon (D:14)
  17 ironheart preservers
  14 very ugly things
  A draconian annihilator (Zot:1)
  A caustic shrike skeleton (Depths:2)
  15 reapers
  32 stone giants
  10 salamander firebrands
  A draconian caller (Zot:4)
  10 vampire knights
  11 deep elf demonologists
  4 war gargoyles
  2 mottled draconians
  4 black draconians
  9 deep elf annihilators
  4 green draconians (Zot:1)
  Azrael (Snake:2)
  6 dire elephants
  A salamander stormcaller (Vaults:3)
  4 yellow draconians
  4 white draconians
  6 purple draconians
  5 red draconians
  9 ettins
  12 merfolk javelineers
  10 deep elf death magi
  22 jiangshi
  11 fire dragons
  5 minotaurs
  7 death oozes
  2 ettins (shapeshifter)
  27 vault guards
  A blizzard demon (Hell)
  A crystal guardian (Vaults:2)
  An orange crystal statue (WizLab)
  The ghost of Chiseanne the Champion of Chaos, a powerful DsWn of Makhleb (Elf:1)
  Josephine (Lair:5)
  2 green deaths
  2 entropy weavers
  7 deep elf high priests
  8 death cobs
  19 yaktaur captains
  13 merfolk impalers
  Fannar (Lair:2)
  15 ice dragons
  4 quicksilver dragon skeletons
  13 great orbs of eyes
  9 hydras
  9 rakshasas
  5 spriggan air magi
  Erolcha (Orc:1)
  37 naga warriors
  A hell beast (Depths:3)
  An ice dragon (shapeshifter) (Vaults:5)
  4 merfolk aquamancers
  6 death knights
  7 merfolk avatars (Shoals:4)
  A satyr (Shoals:3)
  3 alligator snapping turtles
  7 anacondas
  16 ogre magi
  A queen ant (Lair:4)
  12 centaur warriors
  24 death yaks
  10 deep troll shamans
  73 hell knights
  12 vampire magi
  16 dancing weapons (Elf:2)
  2 storm dragon zombies
  2 spriggan berserkers (Depths:5)
  29 naga sharpshooters
  12 tengu warriors
  2 titan zombies
  8 soul eaters
  9 shock serpents
  4 hell hogs
  8 deep troll earth magi
  3 fire crabs
  2 iron golems (Hell)
  12 sun demons
  3 titan skeletons
  4 ice devils (Hell)
  7 salamander mystics
  48 skeletal warriors
  10 iron trolls
  2 storm dragon skeletons
  12 sea snakes
  5 unseen horrors
  A golden dragon zombie (Depths:4)
  17 deep elf knights
  4 shadow wraiths
  5 giant orange brains
  A ghost moth zombie (Geh:4)
  5 deep elf summoners
  6 flayed ghosts
  A swamp dragon (shapeshifter) (Vaults:5)
  4 ice statues
  5 shadow dragon zombies
  A giant orange brain (shapeshifter) (Depths:3)
  20 ironbrand convokers
  An obsidian statue (Elf:1)
  33 necromancers
  A torturous demonspawn (Depths:3)
  A death drake (shapeshifter) (Depths:2)
  3 golden dragon skeletons
  A deep troll (shapeshifter) (Vaults:5)
  5 naga ritualists
  13 hill giants
  3 wolf spider zombies
  5 anaconda skeletons
  6 phantasmal warriors
  11 deep elf conjurers
  23 harpies
  33 deep trolls
  15 orc knights
  2 wizards
  2 stone giant zombies
  A lindwurm (shapeshifter) (Vaults:3)
  A sphinx zombie (Crypt:2)
  5 wolf spiders
  2 iron dragon zombies
  14 mana vipers
  75 ugly things
  2 orc sorcerers
  5 shining eyes
  11 griffons
  5 shadow dragon skeletons
  209 slime creatures
  9 fauns
  3 frost giant zombies
  4 water nymphs
  2 hornets
  6 moths of wrath
  26 elephants
  17 manticores
  2 tengu skeletons (Vaults:5)
  29 salamanders
  A toenail golem (D:13)
  3 sixfirhies
  4 iron dragon skeletons
  14 cyclopes
  3 hornets (shapeshifter)
  2 stone giant skeletons (Geh:2)
  5 fire giant skeletons
  2 smoke demons
  9 rust devils
  9 vault sentinels
  14 sirens
  2 gargoyles
  A frost giant skeleton (Depths:2)
  2 eyes of devastation
  4 molten gargoyles
  An eye of devastation (shapeshifter) (Depths:3)
  4 orange demons
  39 black mambas
  2 dire elephant zombies
  A moth of wrath (shapeshifter) (D:14)
  26 naga magi
  15 spiny frogs
  A dire elephant skeleton (Geh:6)
  A titan simulacrum (Hell)
  An alligator snapping turtle zombie (Crypt:2)
  A catoblepas zombie (Geh:3)
  2 shock serpent skeletons
  7 guardian serpents
  5 spectral swamp worms (Depths:2)
  4 spriggan zombies
  An anaconda simulacrum (Crypt:2)
  A redback zombie (Crypt:1)
  49 yaktaurs
  3 tormentors
  5 komodo dragons
  3 efreet
  6 kobold demonologists
  2 catoblepas skeletons
  A demonic crawler (D:14)
  9 small abominations
  12 hellions
  19 deep elf priests
  A troll (shapeshifter) (D:14)
  2 tengu conjurers
  2 spriggan skeletons
  33 two-headed ogres
  2 harpy zombies
  3 hydra zombies
  A blue devil (Hell)
  6 trolls
  A wind drake (Shoals:4)
  A polar bear (shapeshifter) (Depths:5)
  16 red devils
  45 merfolk
  A jumping spider (Vaults:4)
  4 harpy skeletons
  8 freezing wraiths
  A wind drake (shapeshifter) (Depths:2)
  11 snapping turtles
  A boulder beetle (Lair:8)
  A trapdoor spider zombie (D:12)
  A boulder beetle (shapeshifter) (Vaults:2)
  2 ice dragon zombies
  5 hydra skeletons
  A satyr zombie (Crypt:1)
  2 fire dragon zombies (Geh:5)
  An alligator zombie (Geh:1)
  A queen bee (shapeshifter) (D:14)
  30 blink frogs
  86 flying skulls
  A stone giant simulacrum (Vaults:5)
  17 water elementals
  26 wraiths
  A trapdoor spider (D:15)
  2 tarantellas (shapeshifter)
  3 fire dragon skeletons
  8 spriggans
  Sigmund (D:3)
  An alligator skeleton (Hell)
  2 ice dragon skeletons
  5 air elementals
  A ynoxinul (Depths:2)
  6 redbacks
  17 deep elf magi
  5 hogs (Snake:4)
  2 tarantellas
  32 yaks
  35 deep elf fighters
  2 basilisks
  An ettin skeleton (Crypt:1)
  16 shadows
  2 wyverns
  A steam dragon (D:10)
  5 golden eyes
  20 wolves
  2 black mamba skeletons (Geh:2)
  12 vampires
  28 fire elementals
  A hippogriff (shapeshifter) (Vaults:2)
  Grum (D:8)
  5 hungry ghosts
  A human (shapeshifter) (Vaults:4)
  An emperor scorpion simulacrum (Hell)
  5 mottled dragons
  A torturous demonspawn zombie (Crypt:1)
  A chaos spawn (D:5)
  9 hippogriffs
  A redback simulacrum (D:15)
  10 vampire mosquitoes
  An elf simulacrum (Depths:2)
  2 hydra simulacra
  21 soldier ants
  An elf skeleton (Vaults:5)
  A wolf (shapeshifter) (Vaults:1)
  86 nagas
  6 large abominations
  2 spiny frog zombies
  6 wargs
  19 water moccasins
  A mottled dragon (shapeshifter) (Depths:3)
  2 infernal demonspawn skeletons
  11 eyes of draining
  29 hell hounds
  3 black bears
  44 orc warriors
  A spriggan simulacrum (Depths:2)
  9 wasps
  11 ice beasts
  2 spiny frog skeletons
  12 necrophages
  2 phantoms
  2 sky beasts
  A black bear (shapeshifter) (Depths:2)
  10 porcupines
  4 snapping turtle zombies
  16 boggarts
  33 centaurs
  2 manticore zombies
  72 ogres
  A swamp dragon skeleton (Crypt:2)
  A tengu (shapeshifter) (D:15)
  9 big kobolds
  A snapping turtle skeleton (Geh:2)
  3 elf zombies (Elf:1)
  A fire drake skeleton (Crypt:2)
  An octopode zombie (Crypt:2)
  13 crocodiles
  Blork the orc (D:6)
  A wyvern zombie (D:9)
  23 giant frogs
  A water moccasin zombie (Crypt:1)
  A scorpion (D:11)
  A spiny frog simulacrum (Hell)
  45 wights
  13 killer bees
  2 wyvern skeletons
  A troll zombie (Crypt:1)
  10 electric eels (D:9)
  A giant frog zombie (D:5)
  A centaur zombie (Geh:2)
  7 iron imps
  13 crimson imps
  2 giant frog skeletons (D:12)
  22 orc priests
  3 quasits
  A human zombie (Crypt:1)
  7 hounds
  24 worker ants
  A basilisk zombie (Crypt:2)
  5 centaur skeletons
  27 jellies
  A basilisk skeleton (Crypt:2)
  28 orc wizards
  Natasha (thrice) (D:3)
  10 iguanas
  A killer bee zombie (D:10)
  22 sheep
  2 ogre skeletons
  Robin (D:3)
  9 adders
  35 river rats
  14 gnolls
  3 shadow imps
  2 white imps (Depths:3)
  3 ufetubi (Depths:3)
  5 oozes
  An adder zombie (D:6)
  4 worms
  3 giant geckos
  201 orcs
  A ball python (D:2)
  A bat skeleton (Crypt:1)
  6 giant cockroaches
  13 goblins
  7 hobgoblins
  30 kobolds
  5 quokkas
  12 bats
  A giant gecko zombie (D:5)
  6 giant newts
  A hobgoblin zombie (Crypt:1)
  9 jackals
  A kobold skeleton (Geh:1)
  2 orc skeletons
  A quokka zombie (D:8)
  10 rats
  9 crawling corpses
  2 fire vortices (Geh:2)
  6 fungi
  15 plants
  7 tentacles (Shoals:4)
3749 creatures vanquished.

Vanquished Creatures (collateral kills)
  A pandemonium lord (D:6)
  A lich (D:6)
  Ilsuiw (Shoals:3)
  A deep elf demonologist (Elf:3)
  A deep elf annihilator (Elf:3)
  3 vault guards (Vaults:5)
  2 merfolk javelineers (Shoals:3)
  An alligator snapping turtle (Shoals:3)
  An alligator (Shoals:3)
  A merfolk avatar (Shoals:3)
  A satyr (Shoals:3)
  A harpy (Shoals:3)
  2 griffons (Shoals:3)
  A siren (Shoals:3)
  3 fauns (Shoals:3)
  A manticore (Shoals:3)
  4 merfolk (Shoals:3)
  A hellwing (D:6)
  A wind drake (Shoals:3)
  A naga (Snake:4)
  A sky beast (Shoals:3)
  A centaur (Shoals:3)
  A small abomination (D:6)
32 creatures vanquished.

Vanquished Creatures (others)
  2 tengu reavers
  A draconian knight (Zot:5)
  A reaper (Geh:6)
  A deep elf high priest (Vaults:5)
  A green death (Hell)
  A naga sharpshooter (Snake:3)
  A wolf spider zombie (Hell)
  A centaur skeleton (D:15)
  A hellion (Geh:6)
  A blue devil (Zot:5)
  A hydra zombie (Geh:1)
  A hydra skeleton (Crypt:1)
  A flying skull (Geh:4)
  A deep elf fighter (Elf:1)
  A snapping turtle zombie (Geh:5)
  2 ogres
  An orc warrior (Vaults:2)
  A boggart (D:15)
  An orc wizard (D:7)
  A white imp (Hell)
  An orc (D:13)
  A kobold (Vaults:2)
  An orc zombie (Geh:5)
  42 eldritch tentacle segments
  34 fungi
  6 lost souls
  42 plants
  8 tentacles (Shoals:4)
  466 tentacle segments (Shoals:4)
623 creatures vanquished.

Grand Total: 4404 creatures vanquished

Notes
Turn   | Place    | Note
--------------------------------------------------------------
     0 | D:1      | cmdexe the Hill Orc Fighter began the quest for the Orb.
     0 | D:1      | Reached XP level 1. HP: 19/19 MP: 1/1
    91 | D:1      | Reached XP level 2. HP: 21/27 MP: 2/2
   472 | D:1      | Reached skill level 4 in Fighting
   542 | D:1      | Reached XP level 3. HP: 33/33 MP: 3/3
   901 | D:2      | HP: 1/33 [poisoned by a goblin]
  1941 | D:3      | Noticed Robin
  1944 | D:3      | Reached XP level 4. HP: 34/41 MP: 4/4
  2027 | D:3      | Killed Robin
  2365 | D:3      | Noticed Natasha
  2372 | D:3      | Killed Natasha
  2380 | D:3      | Reached skill level 1 in Dodging
  2398 | D:3      | Noticed Natasha
  2404 | D:3      | Reached XP level 5. HP: 33/47 MP: 5/5
  2407 | D:3      | Killed Natasha
  2407 | D:3      | Reached skill level 5 in Axes
  2701 | D:3      | Noticed Natasha
  2706 | D:3      | Killed Natasha
  2775 | D:3      | Found an iron altar of Okawaru.
  2815 | D:3      | Noticed Sigmund
  2825 | D:3      | Killed Sigmund
  2825 | D:3      | Reached skill level 6 in Axes
  2825 | D:3      | Reached XP level 6. HP: 47/55 MP: 6/6
  3232 | D:3      | Became a worshipper of Warmaster Okawaru
  3260 | D:4      | Reached skill level 5 in Fighting
  3260 | D:4      | Reached XP level 7. HP: 59/61 MP: 7/7
  3304 | D:4      | Found a shimmering altar of Xom.
  3328 | D:4      | Reached skill level 5 in Armour
  3392 | D:4      | Reached skill level 7 in Axes
  3577 | D:4      | Found a burning altar of Makhleb.
  3581 | D:4      | Found a radiant altar of Vehumet.
  3660 | D:4      | Found a white marble altar of Elyvilon.
  3978 | D:5      | Entered Level 5 of the Dungeon
  4383 | D:5      | Reached skill level 8 in Axes
  4393 | D:5      | Got a translucent iron ring
  4394 | D:5      | Identified the ring "Siekaju" {Ice rN+ MP-9 Slay+3} (You took it off a crimson imp on level 5 of the Dungeon)
  4412 | D:5      | Reached XP level 8. HP: 63/68 MP: 0/8
  4415 | D:5      | Acquired Okawaru's first power
  4640 | D:5      | Found a staircase to the Ecumenical Temple.
  4858 | D:5      | Found a stormy altar of Qazlal.
  4954 | D:6      | Reached skill level 9 in Axes
  5034 | D:6      | Found an iron altar of Okawaru.
  5157 | D:6      | Noticed Blork the orc
  5163 | D:6      | Killed Blork the orc
  5218 | D:6      | Reached skill level 10 in Axes
  5473 | D:6      | Reached XP level 9. HP: 75/77 MP: 0/9
  5786 | D:7      | Found a flagged portal.
  5822 | Bailey   | Entered a bailey
  5887 | Bailey   | Noticed an orc knight
  5986 | Bailey   | Reached skill level 11 in Axes
  6073 | Bailey   | Killed an orc knight
  6428 | Bailey   | Noticed an orc knight
  6460 | Bailey   | Killed an orc knight
  6460 | Bailey   | Reached skill level 12 in Axes
  6797 | D:7      | Reached XP level 10. HP: 78/86 MP: 1/10
  7118 | D:8      | Noticed Grum
  7125 | D:8      | Reached skill level 13 in Axes
  7130 | D:8      | Killed Grum
  7278 | D:8      | Found a sparkling altar of Nemelex Xobeh.
  7582 | D:8      | Reached skill level 14 in Axes
  7859 | D:9      | Got a smoking leather armour
  7870 | D:9      | Identified the +1 leather armour "Wojihein" {rCorr Str+2 Dex+6 Stlth+} (You found it on level 9 of the Dungeon)
  7895 | D:9      | Received a gift from Okawaru
  7909 | D:9      | Found a staircase to the Orcish Mines.
  9253 | D:9      | Acquired Okawaru's second power
  9376 | D:9      | Reached XP level 11. HP: 95/95 MP: 2/11
  9571 | D:10     | Entered Level 10 of the Dungeon
  9573 | D:10     | Noticed a hill giant
  9588 | D:10     | Killed a hill giant
  9588 | D:10     | Reached skill level 15 in Axes
  9588 | D:10     | Reached skill level 5 in Dodging
  9669 | D:10     | Found a staircase to the Lair.
  9839 | D:10     | Received a gift from Okawaru
  9874 | D:10     | Noticed a hill giant
  9891 | D:10     | Killed a hill giant
 10265 | D:11     | Noticed a hill giant
 10273 | D:11     | Killed a hill giant
 10617 | D:11     | Noticed a hill giant
 10618 | D:11     | Reached skill level 16 in Axes
 10626 | D:11     | Received a gift from Okawaru
 10632 | D:11     | Killed a hill giant
 10649 | D:11     | Got a blackened great mace {god gift}
 10663 | D:11     | Identified the +1 great mace of the Crypt {crush, rElec SInv} (Okawaru gifted it to you on level 11 of the Dungeon)
 10683 | D:11     | Noticed an unseen horror
 10803 | D:11     | Killed an unseen horror
 11100 | D:12     | Found a portal to a secret trove of treasure.
 11156 | D:12     | Reached skill level 10 in Fighting
 11156 | D:12     | Reached XP level 12. HP: 63/105 MP: 3/12
 11235 | D:12     | Noticed a hill giant
 11242 | D:12     | Killed a hill giant
 11242 | D:12     | Reached skill level 17 in Axes
 11305 | D:12     | Noticed a wizard
 11313 | D:12     | Killed a wizard
 11313 | D:12     | Received a gift from Okawaru
 11430 | D:12     | Noticed a hill giant
 11441 | D:12     | Killed a hill giant
 11446 | D:12     | You fall through a shaft for 3 floors!
 11446 | D:15     | Entered Level 15 of the Dungeon
 11535 | D:15     | Reached skill level 18 in Axes
 11757 | D:15     | Noticed a centaur warrior
 11767 | D:15     | Killed a centaur warrior
 12056 | D:15     | Reached skill level 19 in Axes
 12069 | D:15     | Reached XP level 13. HP: 23/116 MP: 4/13
 12137 | D:15     | Noticed an ogre mage
 12195 | D:15     | Killed an ogre mage
 12195 | D:15     | Received a gift from Okawaru
 12355 | D:15     | Noticed a seven-headed hydra
 12607 | D:14     | Received a gift from Okawaru
 12610 | D:14     | Got a fine broad axe {god gift}
 12611 | D:14     | Identified the +8 broad axe of Premature Burial {antimagic, *Noise Dex+4} (Okawaru gifted it to you on level 14 of the Dungeon)
 12656 | D:14     | Reached skill level 10 in Armour
 12738 | D:13     | Reached skill level 20 in Axes
 12803 | D:13     | Found a large runed door.
 12807 | D:13     | Found a large runed door.
 12809 | D:13     | Found a large runed door.
 12809 | D:13     | Noticed a frost giant
 12811 | D:13     | Found a large runed door.
 12811 | D:13     | Found a large runed door.
 13008 | D:12     | Noticed a hill giant
 13014 | D:12     | Killed a hill giant
 13217 | Orc:1    | Entered Level 1 of the Orcish Mines
 13291 | Orc:1    | Found a dark tunnel.
 13300 | Volcano  | Entered a volcano
 13858 | Orc:1    | Noticed Erolcha
 13863 | Orc:1    | Killed Erolcha
 13863 | Orc:1    | Received a gift from Okawaru
 13995 | Orc:1    | Found a roughly hewn altar of Beogh.
 14235 | Orc:2    | Found a roughly hewn altar of Beogh.
 14852 | Orc:4    | Entered Level 4 of the Orcish Mines
 15046 | Orc:4    | Received a gift from Okawaru
 15067 | Orc:4    | Reached skill level 21 in Axes
 15097 | Orc:4    | Reached XP level 14. HP: 64/126 MP: 1/14
 15278 | Orc:4    | Found Istit's Antique Armour Shop.
 15278 | Orc:4    | Found Fura's Jewellery Shoppe.
 15279 | Orc:4    | Found Ecaer's Distillery.
 15279 | Orc:4    | Found Lomuowum's Food Shop.
 15289 | Orc:4    | Bought a potion of heal wounds for 80 gold pieces
 15289 | Orc:4    | Bought 2 potions of curing for 96 gold pieces
 15289 | Orc:4    | Bought 2 potions of curing for 96 gold pieces
 15289 | Orc:4    | Bought a potion of heal wounds for 80 gold pieces
 15289 | Orc:4    | Bought a potion of haste for 160 gold pieces
 15289 | Orc:4    | Bought a potion of mutation for 40 gold pieces
 15289 | Orc:4    | Gained mutation: You have sharp fingernails. [potion of mutation]
 15289 | Orc:4    | Gained mutation: You have supernaturally acute eyesight. [potion of mutation]
 15373 | Orc:4    | Found a staircase to the Elven Halls.
 15956 | Lair:1   | Entered Level 1 of the Lair of Beasts
 16121 | Lair:1   | Learned a level 4 spell: Animate Dead
 16678 | Lair:2   | Found a frozen archway.
 16686 | IceCv    | Entered an ice cave
 16814 | Lair:2   | Reached skill level 1 in Necromancy
 16826 | Lair:2   | Received a gift from Okawaru
 16837 | Lair:2   | Got a slimy crystal plate armour {god gift}
 16840 | Lair:2   | Reached skill level 22 in Axes
 16851 | Lair:2   | Identified the +7 crystal plate armour of Nyamutwa {rPois rF++ Str+3 Stlth-} (Okawaru gifted it to you on level 2 of the Lair of Beasts)
 16905 | Lair:2   | Noticed Fannar
 16920 | Lair:2   | Killed Fannar
 17531 | Lair:2   | Noticed Gastronok
 17548 | Lair:2   | Killed Gastronok
 18536 | Lair:4   | Found a staircase to the Snake Pit.
 18602 | Lair:4   | Reached skill level 23 in Axes
 18698 | Lair:4   | Reached XP level 15. HP: 133/136 MP: 2/15
 18771 | Lair:4   | Received a gift from Okawaru
 19337 | D:4      | Fell from the grace of Okawaru
 19337 | D:4      | Became a worshipper of Makhleb the Destroyer
 20202 | Lair:5   | Noticed Josephine
 20206 | Lair:5   | Killed Josephine
 20380 | Lair:5   | Acquired Makhleb's first power
 20418 | Lair:5   | Found a staircase to the Shoals.
 20681 | Lair:5   | Noticed a titan
 20690 | Lair:5   | Killed a titan
 21247 | Lair:5   | Gained mutation: You are clumsy. (Dex -2) [potion of mutation]
 21247 | Lair:5   | Gained mutation: You have large cloven feet. [potion of mutation]
 21247 | Lair:5   | Gained mutation: Your mind is acute. (Int +2) [potion of mutation]
 21248 | Lair:5   | Lost mutation: You have supernaturally acute eyesight. [potion of cure mutation]
 21248 | Lair:5   | Lost mutation: You are clumsy. (Dex -2) [potion of cure mutation]
 21248 | Lair:5   | Lost mutation: Your mind is acute. (Int +2) [potion of cure mutation]
 21248 | Lair:5   | Lost mutation: You have sharp fingernails. [potion of cure mutation]
 21248 | Lair:5   | Lost mutation: You have large cloven feet. [potion of cure mutation]
 21312 | Lair:6   | Noticed a titan
 21312 | Lair:6   | Noticed a frost giant
 21328 | Lair:5   | Killed a titan
 21444 | Lair:6   | Acquired Makhleb's second power
 21446 | Lair:6   | Reached skill level 24 in Axes
 21485 | Lair:6   | Killed a frost giant
 21784 | Lair:6   | Noticed a titan
 21784 | Lair:6   | Noticed a titan
 21792 | Lair:6   | Killed a titan
 21803 | Lair:6   | Killed a titan
 22291 | Lair:6   | Acquired Makhleb's third power
 22659 | Lair:7   | Found a runed door.
 22659 | Lair:7   | Found a viscous altar of Jiyva.
 22659 | Lair:7   | Found a staircase to the Slime Pits.
 22659 | Lair:7   | Noticed an azure jelly
 22694 | Lair:7   | Noticed a fire giant
 22715 | Lair:7   | Killed a fire giant
 22812 | Lair:7   | Noticed a titan
 22830 | Lair:7   | Killed a titan
 22843 | Lair:7   | Reached skill level 5 in Necromancy
 22949 | Lair:7   | Noticed a frost giant
 22949 | Lair:7   | Noticed a fire giant
 22970 | Lair:7   | Killed a fire giant
 22980 | Lair:7   | Killed a frost giant
 23000 | Lair:7   | Acquired Makhleb's fourth power
 23466 | Lair:7   | Reached XP level 16. HP: 144/146 MP: 2/16
 23484 | Lair:8   | Entered Level 8 of the Lair of Beasts
 23504 | Lair:8   | Acquired Makhleb's fifth power
 23507 | Lair:8   | Reached skill level 25 in Axes
 24404 | Lair:8   | Got a brightly glowing tin ring
 24436 | Lair:8   | Identified the ring of Moivo {+/*Tele *Contam Str+4 Dex+3 SInv} (You found it on level 8 of the Lair of Beasts)
 24452 | Lair:8   | Reached skill level 1 in Invocations
 24685 | Snake:1  | Entered Level 1 of the Snake Pit
 24784 | Snake:1  | Reached skill level 1 in Evocations
 25106 | Snake:1  | Found Kofoh's General Store.
 25109 | Snake:1  | Bought the amulet "Remirphe" {Ward rN+ Int+6} for 484 gold pieces
 25109 | Snake:1  | Bought a potion of curing for 42 gold pieces
 25205 | Snake:1  | Noticed a titan
 25215 | Snake:1  | Killed a titan
 26046 | Snake:1  | Identified a scroll of acquirement
 26256 | Snake:1  | Noticed a deep elf blademaster
 26260 | Snake:1  | Killed a deep elf blademaster
 26288 | Snake:1  | Reached skill level 26 in Axes
 26386 | Snake:1  | Was forgiven by Okawaru
 26996 | Snake:2  | Noticed Azrael
 27007 | Snake:2  | Killed Azrael
 27039 | Snake:2  | Reached XP level 17. HP: 154/154 MP: 3/19
 27116 | Snake:2  | Noticed Vashnia
 27147 | Snake:2  | Killed Vashnia
 27159 | Snake:2  | Reached skill level 15 in Fighting
 27159 | Snake:2  | Reached skill level 5 in Invocations
 28310 | Lair:1   | Got a polished buckler
 28321 | Lair:1   | Identified the +0 buckler "Jaqiun" {rPois rN+ Stlth+} (You acquired it on level 1 of the Lair of Beasts)
 28520 | D:13     | Found a large runed door.
 28621 | D:13     | Found Xeniobb's Food Shop.
 28656 | D:13     | Found a large runed door.
 28716 | D:13     | Reached skill level 27 in Axes
 28749 | D:13     | Found a large runed door.
 29036 | D:14     | Found a gate to the Vaults.
 29145 | D:14     | You fall through a shaft!
 29145 | D:15     | Noticed a dire elephant
 29153 | D:15     | Killed a dire elephant
 29406 | D:15     | Killed a 20-headed hydra
 29919 | D:15     | Reached skill level 5 in Evocations
 30029 | D:15     | Reached XP level 18. HP: 166/166 MP: 4/23
 30135 | D:15     | Found a staircase to the Depths.
 30225 | Depths:1 | Entered Level 1 of the Depths
 30225 | Depths:1 | Noticed Jorgrun
 30236 | D:15     | Killed Jorgrun
 31711 | Snake:3  | Noticed Louise
 31728 | Snake:3  | Killed Louise
 31827 | Snake:3  | Noticed Donald
 31838 | Snake:3  | Killed Donald
 32590 | Lair:7   | Killed an azure jelly
 32682 | Lair:6   | Reached XP level 19. HP: 179/179 MP: 5/25
 32708 | Shoals:1 | Entered Level 1 of the Shoals
 32996 | Shoals:1 | Noticed Aizul
 33008 | Shoals:1 | Killed Aizul
 34593 | Shoals:3 | Noticed Ilsuiw
 34606 | Shoals:3 | Killed Ilsuiw
 35001 | Shoals:4 | Entered Level 4 of the Shoals
 35566 | Shoals:4 | Reached skill level 15 in Armour
 35636 | Shoals:4 | Reached XP level 20. HP: 189/193 MP: 5/26
 35664 | Shoals:4 | Identified the Collected Works on the Virous Entourage (You found it on level 4 of the Shoals)
 35755 | Shoals:4 | Got a barnacled rune of Zot
 35885 | Shoals:4 | Got a pair of faintly glowing boots
 35896 | Shoals:4 | Identified the +3 pair of boots "Inkoeh" {Int+3 SInv} (You found it on level 4 of the Shoals)
 36698 | Snake:4  | Entered Level 4 of the Snake Pit
 36857 | Snake:4  | Noticed Kirke
 36865 | Snake:4  | Killed Kirke
 37318 | Snake:4  | Reached skill level 10 in Evocations
 37327 | Snake:4  | Found Irag's Antique Weapon Boutique.
 37362 | Snake:4  | Noticed Agnes
 37372 | Snake:4  | Killed Agnes
 37375 | Snake:4  | Bought a transparent executioner's axe for 615 gold pieces
 37375 | Snake:4  | Identified the +3 executioner's axe "Gaizxio" {freeze, rElec Dex+3 Stlth+} (You bought it in a shop on level 4 of the Snake Pit)
 37384 | Snake:4  | Noticed Saint Roka
 37423 | Snake:4  | HP: 7/198 [Saint Roka/divine providence (15)]
 37426 | Snake:4  | Killed Saint Roka
 38088 | Snake:4  | Reached XP level 21. HP: 203/205 MP: 6/29
 38107 | Snake:4  | Got a serpentine rune of Zot
 38797 | Elf:1    | Entered Level 1 of the Elven Halls
 38797 | Elf:1    | Noticed Chiseanne's ghost (powerful DsWn)
 38807 | Elf:1    | Killed Chiseanne's ghost
 39105 | Elf:1    | Identified the Grimoire of Evil
 39812 | Elf:2    | Noticed Rayvis's ghost (mighty DsFi)
 39830 | Elf:2    | Killed Rayvis's ghost
 40067 | Elf:2    | Found a runed door.
 40067 | Elf:2    | Found a runed door.
 40464 | Elf:3    | Entered Level 3 of the Elven Halls
 40736 | Elf:3    | Found Ugronn's Gadget Shoppe.
 41342 | Elf:3    | Reached XP level 22. HP: 131/220 MP: 7/31
 41425 | Elf:3    | Got a pitted copper ring
 41464 | Elf:3    | Identified the cursed ring of Spontaneous Combustion {Int-3 Dex+8} (You took it off a deep elf annihilator on level 3 of the Elven Halls)
 41478 | Elf:3    | Identified the Papyrus of Earthen Transmutation
 41483 | Elf:3    | Learned a level 2 spell: Stoneskin
 41488 | Elf:3    | Identified the Incunabulum of Transmutation and Conjuration
 41624 | Elf:3    | Got an encrusted bardiche
 41625 | Elf:3    | Identified the +5 bardiche "Lyheipaf" {chop, rElec rPois rN+ Dex-4} (You took it off a deep elf demonologist on level 3 of the Elven Halls)
 41716 | Elf:3    | Identified Sif Muna's Tome of the Forsaken Demons
 41726 | Elf:3    | Identified Nurucel's Tome of Aid
 42278 | Vaults:1 | Entered Level 1 of the Vaults
 42953 | Vaults:1 | Found Ufugas's Antique Weapon Shop.
 43369 | Vaults:2 | Found Zianliv's Jewellery Shoppe.
 43426 | Vaults:2 | Found Ubli's Assorted Antiques.
 43441 | Vaults:2 | Bought a potion of berserk rage for 165 gold pieces
 43521 | Vaults:2 | Found Migec's General Store.
 43791 | Vaults:2 | Found Uthros's Food Emporium.
 43806 | Vaults:2 | Bought a meat ration for 55 gold pieces
 43806 | Vaults:2 | Bought a beef jerky for 16 gold pieces
 43806 | Vaults:2 | Bought a bread ration for 55 gold pieces
 43806 | Vaults:2 | Bought a meat ration for 55 gold pieces
 43806 | Vaults:2 | Bought a meat ration for 55 gold pieces
 43811 | Vaults:2 | Found Wioseit's Antique Armour Shop.
 44483 | Vaults:3 | Reached XP level 23. HP: 232/232 MP: 8/33
 44941 | Vaults:3 | Gained mutation: You are resistant to hostile enchantments. [potion of beneficial mutation]
 45100 | Vaults:3 | Found a staircase to the Crypt.
 45100 | Vaults:3 | Found an ancient bone altar of Kikubaaqudgha.
 45101 | Vaults:3 | Found a basalt altar of Yredelemnul.
 45813 | Vaults:4 | Reached skill level 15 in Evocations
 46101 | Vaults:4 | Found Piddunn's Weapon Shop.
 46805 | Vaults:5 | Entered Level 5 of the Vaults
 46811 | Vaults:5 | Reached skill level 10 in Dodging
 46845 | Vaults:5 | Reached XP level 24. HP: 143/245 MP: 8/34
 47017 | Vaults:5 | Gained mutation: Your flesh is cold resistant. [a neqoxec]
 47084 | Vaults:5 | Got a crude battleaxe
 47086 | Vaults:5 | Identified the +9 battleaxe "Wuxink" {vamp, Str+8} (You took it off a yaktaur captain on level 5 of the Vaults)
 47103 | Vaults:5 | Identified the Incunabulum of Execration (You found it on level 5 of the Vaults)
 47333 | Vaults:5 | Got a bone battleaxe
 47333 | Vaults:5 | Got a transparent copper amulet
 47337 | Vaults:5 | Reached skill level 27 in Fighting
 47338 | Vaults:5 | Identified the +2 battleaxe of the Shining Light {holy, +Fly rF+} (You took it off an ironheart preserver on level 5 of the Vaults)
 47339 | Vaults:5 | Identified the amulet of the Madman {Stasis +Inv rElec rN+ Str-3} (You took it off an ironheart preserver on level 5 of the Vaults)
 47636 | Vaults:5 | Identified Roragg's Compendium of Flying Battle Magic
 47895 | Vaults:5 | Identified Vodwuuc's Incunabulum of Ice and Attacks
 47933 | Vaults:5 | Got a silver rune of Zot
 49349 | Slime:1  | Entered Level 1 of the Pits of Slime
 49764 | Orc:4    | Bought an uncursed amulet of resist corrosion for 320 gold pieces
 50247 | Slime:1  | Reached XP level 25. HP: 254/257 MP: 23/35
 50519 | Slime:2  | Gained mutation: You tend to lose your temper in combat. [a shining eye]
 51843 | Slime:4  | Reached skill level 1 in Transmutations
 51867 | Slime:4  | Gained mutation: You are clumsy. (Dex -2) [a shining eye]
 51874 | Slime:4  | Gained mutation: Scrolls take you a little longer to read. [a shining eye]
 51876 | Slime:4  | Gained mutation: Your body sometimes deteriorates upon taking damage. [a shining eye]
 52498 | Slime:6  | Entered Level 6 of the Pits of Slime
 52551 | Slime:6  | Noticed the royal jelly
 52602 | Slime:6  | Found a viscous altar of Jiyva.
 52604 | Slime:6  | Killed the royal jelly
 52650 | Slime:6  | Gained mutation: You are very clumsy. (Dex -4) [a shining eye]
 53282 | Slime:6  | Got a slimy rune of Zot
 53442 | Slime:6  | Lost mutation: Your flesh is cold resistant. [potion of cure mutation]
 53442 | Slime:6  | Lost mutation: You are very clumsy. (Dex -4) [potion of cure mutation]
 53442 | Slime:6  | Lost mutation: Your body sometimes deteriorates upon taking damage. [potion of cure mutation]
 53442 | Slime:6  | Lost mutation: Scrolls take you a little longer to read. [potion of cure mutation]
 53480 | Slime:6  | Got a shimmering bone amulet
 53481 | Slime:6  | Identified the amulet "Feamin" {rCorr MR+} (You found it on level 6 of the Pits of Slime)
 53491 | Slime:6  | Identified Roituitu's Compendium of the Escort and the Traveller (You found it on level 6 of the Pits of Slime)
 53515 | Slime:6  | Got a scintillating bronze ring
 53518 | Slime:6  | Identified the ring "Wiyger" {MP+9 Str+5} (You found it on level 6 of the Pits of Slime)
 53521 | Slime:6  | Got a clouded ivory ring
 53522 | Slime:6  | Identified the ring of Starshine {rElec MR+ Dex+3 Stlth-} (You found it on level 6 of the Pits of Slime)
 54335 | Orc:4    | Bought an uncursed amulet of guardian spirit for 480 gold pieces
 54493 | Orc:4    | Bought a potion of cure mutation for 560 gold pieces
 54994 | Depths:1 | Reached skill level 10 in Invocations
 55185 | Depths:1 | Found a gateway to a ziggurat.
 55269 | Depths:1 | Found a gateway to Hell.
 55429 | Depths:2 | Reached XP level 26. HP: 266/266 MP: 31/35
 55659 | Depths:2 | Found a one-way gate to the infinite horrors of the Abyss.
 56663 | Depths:2 | Found a one-way gate leading to the halls of Pandemonium.
 57170 | Depths:3 | Noticed Asterion
 57179 | Depths:3 | Killed Asterion
 57439 | Depths:3 | Got a slimy buckler
 57440 | Depths:3 | Identified the -8 buckler of Dawn {rC+ MR+ Str+6} (You acquired it on level 3 of the Depths)
 58357 | Depths:4 | Reached XP level 27. HP: 273/273 MP: 30/35
 58492 | Depths:4 | Got a shimmering bronze ring
 58495 | Depths:4 | Identified the ring "Coss" {rElec rF+ rN+ Str+3 Dex+2} (You found it on level 4 of the Depths)
 58501 | Depths:4 | Noticed Margery
 58516 | Depths:4 | Killed Margery
 58688 | Depths:4 | Noticed the Enchantress
 58706 | Depths:4 | Killed the Enchantress
 59241 | Depths:4 | Got a faerie dragon armour
 59256 | Depths:4 | Identified the +1 faerie dragon armour {HP+7 Stlth+} (You took it off the Enchantress on level 4 of the Depths)
 59338 | Hell     | Entered the Vestibule of Hell
 59338 | Hell     | Noticed Geryon
 59391 | Hell     | Killed Geryon
 59488 | Hell     | Found a gateway to the ashen valley of Gehenna.
 59539 | Geh:1    | Entered Level 1 of Gehenna
 59645 | Hell     | Found a gateway to the Iron City of Dis.
 60058 | Hell     | Found a gateway to the decaying netherworld of Tartarus.
 60124 | Hell     | Reached skill level 5 in Transmutations
 60217 | Hell     | Found a gateway to the freezing wastes of Cocytus.
 61308 | D:12     | You paid a toll of a +6 demon whip to enter a treasure trove
 61309 | Trove    | Entered a treasure trove
 61405 | Trove    | Got a fine plate armour
 61416 | Trove    | Identified the cursed +1 plate armour of Philately {rCorr Int+6 Dex+4} (You found it in a treasure trove)
 61434 | Trove    | Got a fine cloak
 61447 | Trove    | Identified the +0 cloak "Ymexkec" {Stlth+} (You found it in a treasure trove)
 61733 | Crypt:1  | Entered Level 1 of the Crypt
 62498 | Crypt:2  | Found a magical portal.
 62505 | WizLab   | Entered Wucad Mu's Monastery
 62749 | WizLab   | Lost mutation: You are clumsy. (Dex -2) [potion of cure mutation]
 62749 | WizLab   | Lost mutation: You tend to lose your temper in combat. [potion of cure mutation]
 62749 | WizLab   | Lost mutation: You are resistant to hostile enchantments. [potion of cure mutation]
 62750 | WizLab   | Gained mutation: Your natural rate of healing is unusually fast. [potion of beneficial mutation]
 62926 | Crypt:2  | Noticed Khufu
 62953 | Crypt:2  | Killed Khufu
 63821 | Crypt:3  | Entered Level 3 of the Crypt
 63846 | Crypt:3  | Reached skill level 10 in Necromancy
 63937 | Crypt:3  | Found a basalt altar of Yredelemnul.
 64086 | Crypt:3  | Found a staircase to the Tomb.
 64086 | Crypt:3  | Noticed Jory
 64102 | Crypt:3  | Killed Jory
 64106 | Crypt:3  | Got a coiled graven amulet
 64107 | Crypt:3  | Identified the amulet of Paogupn {Ward rN+ Int+5} (You found it on level 3 of the Crypt)
 64219 | Crypt:3  | Got a twitching wooden ring
 64388 | Crypt:3  | Got a brightly glowing crystal amulet
 64391 | Crypt:3  | Identified the amulet of Doukur {Inacc -Tele rF++ Str+4 Stlth+} (You found it on level 3 of the Crypt)
 64394 | Crypt:3  | Identified the ring "Saim" {rElec rN+ Str+2 Dex+2} (You found it on level 3 of the Crypt)
 64439 | Crypt:3  | Reached skill level 27 in Armour
 64486 | Crypt:3  | Noticed an ancient lich
 64501 | Crypt:3  | Killed an ancient lich
 64652 | Crypt:3  | Got a shimmering plate armour
 64664 | Crypt:3  | Identified the +0 plate armour of the Pits of Slime {MR+ Int+3} (You found it on level 3 of the Crypt)
 66238 | Geh:2    | Reached skill level 15 in Dodging
 67127 | Geh:3    | Reached skill level 15 in Invocations
 68412 | Depths:5 | Entered Level 5 of the Depths
 69106 | Depths:5 | Found a gate to the Realm of Zot.
 69718 | Zot:1    | Entered Level 1 of the Realm of Zot
 69926 | Zot:1    | Got a transparent helmet
 69937 | Zot:1    | Identified the cursed +0 helmet "Kiled" {Dex+5} (You found it on level 1 of the Realm of Zot)
 70658 | Zot:5    | Entered Level 5 of the Realm of Zot
 70756 | Zot:5    | Reached skill level 10 in Transmutations
 70767 | Zot:5    | Noticed an ancient lich
 70776 | Zot:5    | Killed an ancient lich
 70777 | Zot:5    | Noticed an ancient lich
 70798 | Zot:5    | Noticed an orb of fire
 70798 | Zot:5    | Noticed an ancient lich
 70798 | Zot:5    | Noticed an orb of fire
 70800 | Zot:5    | Gained mutation: You are occasionally teleported to nearby monsters. [an orb of fire]
 70802 | Zot:5    | Noticed an orb of fire
 70802 | Zot:5    | Gained mutation: You occasionally shout uncontrollably at your foes. [an orb of fire]
 70807 | Zot:5    | Noticed an orb of fire
 70825 | Zot:5    | Gained mutation: You are frail (-10% HP). [an orb of fire]
 70830 | Zot:5    | Got the Orb of Zot
 70831 | Zot:5    | Gained mutation: Armour fits poorly on your strangely shaped body. [an orb of fire]
 70842 | Zot:5    | Gained mutation: You sometimes yell uncontrollably at your foes. [an orb of fire]
 70850 | Zot:5    | Killed an orb of fire
 70859 | Zot:4    | Lost mutation: You are frail (-10% HP). [potion of cure mutation]
 70859 | Zot:4    | Lost mutation: Armour fits poorly on your strangely shaped body. [potion of cure mutation]
 70859 | Zot:4    | Lost mutation: Your natural rate of healing is unusually fast. [potion of cure mutation]
 70859 | Zot:4    | Lost mutation: You are occasionally teleported to nearby monsters. [potion of cure mutation]
 71214 | D:13     | Noticed Liusch the pandemonium lord
 71224 | D:13     | Killed Liusch the pandemonium lord
 71476 | D:6      | Noticed Gisk the pandemonium lord
 71488 | D:6      | Killed Gisk the pandemonium lord
 71741 | D:$      | Escaped with the Orb!

Vault maps used:
D:1:      matt_arrival_los_fun, roderic_roman_lattice, minivault_14,
          kennysheep_pointless_box
D:3:      lemuel_crystal_altar, uniq_robin, uniq_natasha, uniq_sigmund
D:4:      grunt_temple_overflow_open, overflow_temple_1_default, first_bread,
          minmay_misc_feat_iff
D:5:      lemuel_coloured_pillars_altar, minmay_temple_entry_statues_pillars
D:6:      eino_curves_02, okawaru_metal_pillars_1_2, uniq_blork_the_orc
D:7:      enter_bailey_2
D:8:      nemelex_xobeh_ov_fountains_minmay, uniq_grum
D:9:      david_orc_3
D:10:     erik_lair_orcish_takeover
D:12:     enter_trove_2
D:13:     minmay_five_octagons, serial_shops, nicolae_shop_scaring_up_business,
          grunt_tengu_nest
D:14:     david_vaults_1, serial_curves, eino_curves_03, eino_curves_02,
          eino_curves_01, eino_curves_01, minivault_23
D:15:     hangedman_depths_entry_try_elsewhere_first
Lair:2:   portal_ice_cave_entry_pillars_03, infiniplex_staircase_pool_2,
          grunt_megastairs_3, uniq_gastronok, uniq_fannar
Lair:4:   dummy_snake_entry, minivault_29
Lair:5:   elwin_shoals_entry_stream, uniq_josephine
Lair:6:   serial_forest, infiniplex_forest_zigzag_1, infiniplex_forest_lined_1,
          infiniplex_forest_clump_large, infiniplex_forest_clump_small,
          infiniplex_forest_diagonal, infiniplex_forest_fountain,
          infiniplex_forest_clump_large, infiniplex_forest_end_2,
          infiniplex_forest_lined_2, lemuel_fruit_tree
Lair:7:   slime_altar_2, infiniplex_staircase_pool
Lair:8:   due_jungle_book, minivault_23
Shoals:1: uniq_aizul
Shoals:3: nicolae_shoals_siren_and_animal_friends, uniq_ilsuiw
Shoals:4: shoals_end_hangedman, shoals_ilsuiw_alternative,
          nicolae_shoals_square_sea_wall
Snake:1:  serial_shops, shop
Snake:2:  grunt_megastairs_2, uniq_vashnia, uniq_azrael
Snake:3:  guppyfry_library_mini, uniq_donald, uniq_louise
Snake:4:  grunt_snake_rune_spirals, serial_shops, shop, uniq_agnes, uniq_kirke,
          uniq_saint_roka
Slime:1:  cheibrodos_slime_lost_civilization_4
Orc:1:    nicolae_orc_accident_2, enter_volcano_1, lemuel_statue_altar,
          uniq_maurice, uniq_erolcha
Orc:2:    basic_altar, mines_bat_river
Orc:3:    nicolae_orc_pool_cavern
Orc:4:    st_orc_ogre_mass
Elf:1:    minmay_elf_necromancy, minivault_15, grunt_megastairs_4
Elf:3:    minmay_elf_hall_spiked, serial_shops, shop
Vaults:1: v_misc_9, nicolae_vaults_big_angled_halls, v_misc_4,
          nicolae_vaults_theta, vaults_room_door_hall, v_pattern_1,
          hangedman_vaults_corner_blocks, hangedman_vaults_river_flow,
          ontoclasm_vaults_decontamination, v_alt_pattern_5,
          ontoclasm_vaults_pinch, nicolae_vaults_little_squares_2, serial_shops,
          nicolae_shop_stone
Vaults:2: v_misc_13, vaults_dpeg_encased_lava, nicolae_vaults_branching_niches,
          hangedman_vaults_impose, grunt_vaults_hallway_short,
          ontoclasm_vaults_shuriken, vaults_room_door_ring,
          nicolae_vaults_what_the_h, v_misc_24,
          nicolae_vaults_diagonal_hallway_8, nicolae_vaults_mini_display_case,
          nicolae_vaults_diagonal_hallway_8, serial_shops, shop_fountains, shop,
          nicolae_shop_crystal, shop, nicolae_shop_window_shopping
Vaults:3: v_misc_5, minmay_crypt_entry_necro_gods, nicolae_vaults_theta,
          vaults_mumra_chevron_long, v_misc_32, v_alt_pattern_1,
          hangedman_vaults_slice, ontoclasm_vaults_fault
Vaults:4: v_misc_10, grunt_vaults_hallway_long, v_pattern_5,
          hangedman_vaults_pinch, ontoclasm_vaults_hangar, ontoclasm_vaults_eye,
          nicolae_vaults_alarming, vaults_room_fours, serial_shops, shop
Crypt:1:  hangedman_screamer
Crypt:2:  mu_enter_wizlab_2, minmay_misc_feat_cross, st_vampire_maze, uniq_khufu
Crypt:3:  grunt_crypt_end_deaths_head
Depths:1: enter_ziggurat_e, serial_bayou_pond_b, hangedman_geh_valley,
          grunt_ministairs_9, minislime_mu, serial_bayou_shore_a,
          infiniplex_staircase_pool_lava, uniq_jorgrun
Depths:2: cheibrodos_spurs, serial_sigils, serial_sigils_hangedman_shear,
          serial_sigils_hangedman_scar, serial_sigils_hangedman_scratch,
          serial_sigils_hangedman_gnaw, rand_demon_pan_entry_4,
          abyss_entry_small_statue_room, pf_hell_entry_tar_river,
          kennysheep_another_room
Depths:3: minmay_three_patterns, abyss_entry, grunt_hell_entry_dis_grunt,
          grunt_pan_entry_spiral, st_stairs_8, minmay_metal_thing,
          infiniplex_staircase_spiral, uniq_asterion
Depths:4: minmay_curly_fans, grunt_decor_cap, grunt_metal_band,
          marbit_kobold_abyss_entry, infiniplex_staircase_squiggle,
          firewood_loft, uniq_enchantress
Depths:5: evilmike_zot_entry_diamond, nrook_uturn, hell_entry
Geh:5:    hangedman_generic_boss_arena
Geh:6:    grunt_bruiser_brothers
Zot:3:    lemuel_elevator
Zot:4:    hangedman_zot_decor_scrapings
Trove:    trove_armour_six_rooms
Bailey:   bailey_polearm_1, bailey
IceCv:    ice_cave_statue_garden_01
Volcano:  volcano_overflow
WizLab:   wizlab_wucad

Action                   |  1- 3 |  4- 6 |  7- 9 | 10-12 | 13-15 | 16-18 | 19-21 | 22-24 | 25-27 || total
-------------------------+-------+-------+-------+-------+-------+-------+-------+-------+-------++-------
Melee: War axe           |   144 |   148 |   348 |   645 |    74 |       |       |       |       ||  1359
       Great mace        |       |       |       |    26 |       |       |       |       |       ||    26
       Broad axe         |       |       |       |       |  1327 |  1383 |  1548 |  1198 |       ||  5456
       Battleaxe         |       |       |       |       |       |       |       |   232 |  3871 ||  4103
Invok: Heroism           |       |       |       |       |     1 |       |       |       |       ||     1
       Greater Servant o |       |       |       |       |       |       |     5 |     1 |     1 ||     7
 Abil: Evoke Teleportati |       |       |       |       |       |       |     3 |     5 |    20 ||    28
       Evoke Invisibilit |       |       |       |       |       |       |       |       |     1 ||     1
Evoke: Wand              |       |       |       |       |     4 |     1 |     9 |       |     4 ||    18
       Phial of floods   |       |       |       |       |       |       |     1 |       |     1 ||     2
       Fan of gales      |       |       |       |       |       |       |     1 |       |       ||     1
       Phantom mirror    |       |       |       |       |       |       |       |       |     1 ||     1
  Use: Scroll            |     1 |    12 |     6 |    13 |    12 |     6 |     7 |    11 |    36 ||   104
       Potion            |       |       |     2 |    11 |    16 |     1 |    10 |     3 |    20 ||    63
 Stab: Sleeping          |       |       |       |     3 |       |       |       |       |       ||     3
       Invisible         |       |       |       |       |     7 |       |       |       |       ||     7
       Distracted        |       |       |       |       |       |       |     4 |       |     1 ||     5
       Held in net/web   |       |       |       |       |       |       |       |       |     1 ||     1
  Eat: Chunk             |     2 |     6 |     4 |     7 |    16 |    10 |     7 |     3 |     2 ||    57
       Meat ration       |       |       |     1 |     1 |       |       |       |     2 |     8 ||    12
       Bread ration      |       |       |     1 |     1 |     5 |     2 |     2 |     3 |     9 ||    23
       Beef jerky        |       |       |       |     3 |       |     3 |     6 |     4 |       ||    16
       Pizza             |       |       |       |     2 |     2 |     3 |     1 |     2 |     2 ||    12
       Royal jelly       |       |       |       |       |     1 |       |     1 |       |     2 ||     4
       Fruit             |       |       |       |       |     2 |     9 |     2 |     2 |     4 ||    19
